[Event "December 5 Late 2023"]
[Site "https://www.chess.com"]
[Date "2023.12.05"]
[Round "11"]
[White "Terry, Renato"]
[Black "Troff, Kayden"]
[Result "1-0"]
[Board "14"]
[TimeControl "180+1"]
[WhiteFideId "3803457"]
[BlackFideId "2047896"]
[WhiteElo "2980"]
[BlackElo "2788"]
[WhiteTeam "PER"]
[BlackTeam "USA"]
[WhiteClock "0:00:04"]
[BlackClock "0:00:06"]

1. e4 c5 2. Nf3 g6 3. d4 cxd4 4. Qxd4 Nf6 5. Nc3 Nc6 6. Qa4 d6 7. e5 dxe5 8. Nxe5 Bd7 9. Nxd7 Nxd7 10. Bb5 Bg7 11. Be3 O-O 12. Rd1 Qc7 13. Nd5 Qe5 14. Bxc6 bxc6 15. Qxc6 Nb6 16. c3 Rfc8 17. Qb7 Nxd5 18. Qxd5 Rab8 19. Qxe5 Bxe5 20. Bc1 a5 21. O-O a4 22. a3 Rc4 23. Rfe1 f6 24. g3 Kf7 25. Rd5 g5 26. Kg2 h6 27. h3 Rb7 28. Re2 Rb6 29. Be3 Rb7 30. Ra5 Bd6 31. Rd2 Kg6 32. Ra6 h5 33. Bd4 Kf7 34. Re2 Rb5 35. Kf3 Rb3 36. Ke4 Rc8 37. Rxa4 Rcb8 38. c4 e5 39. Bc3 Bc5 40. Kf5 Rd8 41. Ra5 Bd4 42. Ra6 Bxc3 43. bxc3 Rxc3 44. Rxf6+ Kg7 45. Kxg5 Re8 46. Rc6 Rxa3 47. Rc7+ Kg8 48. Kxh5 Ra6 49. Kg4 Rf6 50. h4 e4 51. Rc5 Kh7 52. Rh5+ Kg7 53. Rg5+ Kh7 54. Rf5 Rc6 55. c5 Ra6 56. Kf4 Ra4 57. Re3 Kg6 58. h5+ Kh6 59. g4 Ra2 60. Kg3 Ra1 61. Rf6+ Kg7 62. Rg6+ Kh7 63. Rf6 Rg1+ 64. Kf4 Rg2 65. Kg5 Rg8+ 66. Rg6 Re8 67. c6 Rxf2 68. c7 Rc2 69. Rh6+ Kg7 70. Rd6 Rxc7 71. Rd4 Rce7 72. Rd5 Rf7 73. Rf5 Rc7 74. Kf4 Rc1 75. Kg5 Rc4 76. Rd5 Re7 77. Rd6 Kh7 78. Rh6+ Kg7 79. Rg6+ Kh7 80. Rf6 Rc5+ 81. Rf5 Rc4 82. Kf4 Rc1 83. Re5 Rf1+ 84. Kxe4 Rg7 85. g5 Rg1 86. Kf4 Rf1+ 87. Kg4 Rg1+ 88. Rg3 Ra1 89. Rf3 Rg1+ 90. Rg3 Ra1 91. Rf5 Ra4+ 92. Rf4 Ra1 93. h6 Rga7 94. Rgf3 Rg1+ 95. Rg3 Rga1 96. Re4 Rf1 97. Rf3 Rg1+ 98. Kh5 Rh1+ 99. Rh4 Rg1 100. Re3 Ra5 101. Re7+ Kg8 102. Rg7+ Kh8 103. Re4 Rh1+ 104. Kg4 Ra8 105. Rf4 Rg1+ 106. Kh5 Rh1+ 107. Kg6 Re1 108. Rh7+ Kg8 109. Rg7+ Kh8 110. Rgf7 Re6+ 111. R4f6 Rg8+ 112. Rg7 Rxg7+ 113. hxg7+ Kg8 114. Kh6 Re8 115. Rf8+ Rxf8 116. gxf8=Q+ Kxf8 117. Kh7 Kf7 118. g6+ 1-0

[Event "December 5 Late 2023"]
[Site "https://www.chess.com"]
[Date "2023.12.05"]
[Round "11"]
[White "Kosteniuk, Alexandra"]
[Black "Zhigalko, Sergei"]
[Result "0-1"]
[Board "15"]
[TimeControl "180+1"]
[WhiteFideId "4128125"]
[BlackFideId "13502956"]
[WhiteElo "2745"]
[BlackElo "2950"]
[WhiteTeam "SUI"]
[BlackTeam "BLR"]
[WhiteClock "0:00:04"]
[BlackClock "0:00:10"]

1. e4 c5 2. Nf3 Nc6 3. Bb5 Nf6 4. d3 Qa5+ 5. Nc3 Nd4 6. Bc4 b5 7. Bb3 Nxb3 8. cxb3 d6 9. O-O e6 10. Re1 Bb7 11. Bd2 Qb6 12. h3 Be7 13. Be3 b4 14. Ne2 O-O 15. Ng3 a5 16. Nd2 Rfd8 17. Nc4 Qa6 18. Bg5 h6 19. Bd2 d5 20. exd5 Rxd5 21. Re3 Rad8 22. Qe2 Rd4 23. Ne4 Nxe4 24. dxe4 Bg5 25. Re1 Bxe3 26. Bxe3 Rxe4 27. f3 Rh4 28. Bxc5 Rh5 29. Be3 Bd5 30. Rc1 Bxc4 31. bxc4 Re5 32. Qf2 Qc6 33. Bd4 Rf5 34. b3 Rd7 35. Re1 Qc7 36. Ba1 Qf4 37. h4 Rd2 38. Re2 Rxe2 39. Qxe2 Qxh4 40. Qf2 Qg5 41. Qd4 Rxf3 42. Qxg7+ Qxg7 43. Bxg7 Rc3 44. Bxh6 Rc2 45. Be3 Rxa2 46. c5 Rc2 47. Bd4 e5 48. Bxe5 Rxc5 0-1

[Event "December 5 Late 2023"]
[Site "https://www.chess.com"]
[Date "2023.12.05"]
[Round "11"]
[White "Bolourchifard, Farzad"]
[Black "Svane, Rasmus"]
[Result "0-1"]
[Board "16"]
[TimeControl "180+1"]
[WhiteFideId "12510084"]
[BlackFideId "4657101"]
[WhiteElo "2720"]
[BlackElo "2930"]
[WhiteTeam "IRI"]
[BlackTeam "GER"]
[WhiteClock "0:00:08"]
[BlackClock "0:01:16"]

1. e4 c6 2. d4 d5 3. exd5 cxd5 4. Bd3 Nc6 5. c3 Nf6 6. Bf4 Bg4 7. Qb3 Qd7 8. Nd2 e6 9. Ngf3 Bd6 10. Bg5 Bh5 11. O-O Bg6 12. Bb5 Qc7 13. Rfe1 O-O 14. Nf1 Ne4 15. Bh4 a6 16. Bxc6 bxc6 17. Qd1 a5 18. N3d2 c5 19. f3 Nxd2 20. Qxd2 cxd4 21. cxd4 Qb6 22. Rec1 Rfc8 23. Bf2 h6 24. Rxc8+ Rxc8 25. Rc1 Rxc1 26. Qxc1 a4 27. Qc3 Bb4 28. Qc8+ Kh7 29. h4 Qb5 30. g4 Qe2 31. Kg2 Be1 0-1

[Event "December 5 Late 2023"]
[Site "https://www.chess.com"]
[Date "2023.12.05"]
[Round "11"]
[White "Zavgorodniy, Sergiy"]
[Black "Kamsky, Gata"]
[Result "1-0"]
[Board "17"]
[TimeControl "180+1"]
[WhiteFideId "14110148"]
[BlackFideId "2000024"]
[WhiteElo "2684"]
[BlackElo "2921"]
[WhiteTeam "UKR"]
[BlackTeam "USA"]
[WhiteClock "0:00:39"]
[BlackClock "0:00:00"]

1. d4 f5 2. c4 Nf6 3. Nf3 g6 4. g3 Bg7 5. Bg2 d6 6. O-O O-O 7. Nc3 c6 8. d5 e5 9. dxe6 Bxe6 10. Qd3 Na6 11. b3 Nc5 12. Qc2 a5 13. Bb2 Qe7 14. Nd4 Bf7 15. e3 Rfe8 16. Rfd1 a4 17. Rab1 axb3 18. axb3 Nce4 19. Ra1 Rxa1 20. Rxa1 Ng4 21. Nxe4 fxe4 22. Ra7 c5 23. Nb5 Bxb2 24. Qxb2 d5 25. cxd5 Bxd5 26. Nc3 Bc6 27. h3 Nf6 28. Kh2 g5 29. Ne2 h5 30. Ra1 Qd6 31. Qc2 h4 32. Rd1 Qe5 33. Qc4+ Kg7 34. b4 cxb4 35. Qxb4 g4 36. Nf4 hxg3+ 37. fxg3 gxh3 38. Bxh3 Rh8 39. Kg2 Ra8 40. Ne6+ Kf7 41. Rd2 Bd5 42. Nf4 Bc6 43. Be6+ Ke8 44. Ng6 1-0

[Event "December 5 Late 2023"]
[Site "https://www.chess.com"]
[Date "2023.12.05"]
[Round "11"]
[White "Cieslak, Patryk"]
[Black "Demchenko, Anton"]
[Result "1-0"]
[Board "18"]
[TimeControl "180+1"]
[WhiteFideId "21078882"]
[BlackFideId "4160258"]
[WhiteElo "2679"]
[BlackElo "2894"]
[WhiteTeam "POL"]
[BlackTeam "SLO"]
[WhiteClock "0:00:03"]
[BlackClock "0:00:00"]

1. d4 Nf6 2. c4 d6 3. Nf3 Nc6 4. Nc3 e5 5. d5 Ne7 6. g3 Ng6 7. Bg2 Be7 8. O-O O-O 9. Ne1 h6 10. e4 Nh7 11. Nd3 f5 12. exf5 Bxf5 13. Ne4 Bg5 14. Qe2 Bxc1 15. Raxc1 Nf6 16. Nxf6+ Qxf6 17. Be4 Rae8 18. f3 Ne7 19. Nf2 b6 20. b4 Bd7 21. Kg2 Nf5 22. Bxf5 Bxf5 23. Ne4 Qf7 24. Qd3 Rd8 25. a3 Rd7 26. Rcd1 Rdd8 27. Qe3 Qd7 28. Kg1 Rf7 29. Rf2 Rdf8 30. Kg2 Bh3+ 31. Kg1 Bf5 32. Rdd2 Qa4 33. Kg2 a5 34. bxa5 Qxa5 35. Ra2 Qa4 36. Qd3 Ra8 37. Rfb2 Qd7 38. Rf2 Kh8 39. Qe3 Bh7 40. Nc3 Raf8 41. a4 Ra8 42. Rf1 Bf5 43. Kg1 Rf6 44. Raf2 Bh3 45. Ra1 Rf7 46. Qd2 Raf8 47. Qe3 Bg4 48. Raf1 Bf5 49. Ra1 Qe7 50. a5 bxa5 51. Rxa5 Rb8 52. Ra1 Rb3 53. Qd2 Qf6 54. Raf1 Bh3 55. Re1 Qg6 56. c5 Rb4 57. cxd6 cxd6 58. Qe3 Rd4 59. Rd1 Rxd1+ 60. Nxd1 Qb1 61. Rd2 Bd7 62. Kg2 Bb5 63. Qf2 Bc4 64. Ne3 Ba6 65. Rb2 Qd3 66. Rd2 Qc3 67. Rc2 Qb4 68. Qd2 Qb8 69. Rb2 Qf8 70. Qf2 Bd3 71. Kg1 Be4 72. Qd2 Bxf3 73. Qd3 Bh5 74. Rg2 g6 75. Qd2 Bf3 76. Rf2 e4 77. Qd4+ Kh7 78. g4 Rb7 79. Qd2 Rb1+ 80. Rf1 Rxf1+ 81. Nxf1 Qf6 82. h3 Qe5 83. Ne3 h5 84. gxh5 Qg5+ 85. Kf1 Qxh5 86. h4 Qxh4 87. Qd4 Qh1+ 88. Kf2 Qh2+ 89. Kf1 Qh3+ 90. Kf2 g5 91. Nf1 Qh4+ 92. Ke3 Qf4+ 93. Kf2 Bg4+ 94. Kg1 Bh3 95. Qa7+ Kh6 96. Ne3 Qg3+ 97. Kh1 Bg4 98. Nxg4+ Qxg4 99. Qe7 Qf3+ 100. Kh2 Qf4+ 101. Kg2 e3 102. Qe6+ Kg7 103. Qe7+ Kg6 104. Qe6+ Qf6 105. Qe8+ Kf5 106. Qxe3 g4 107. Qd3+ Kg5 108. Qe3+ 1-0

[Event "December 5 Late 2023"]
[Site "https://www.chess.com"]
[Date "2023.12.05"]
[Round "11"]
[White "Tokhirjonova, Gulrukhbegim"]
[Black "Gokerkan, Cem Kaan"]
[Result "1-0"]
[Board "19"]
[TimeControl "180+1"]
[WhiteFideId "14203626"]
[BlackFideId "6336760"]
[WhiteElo "2664"]
[BlackElo "2873"]
[WhiteTeam "USA"]
[BlackTeam "TUR"]
[WhiteClock "0:00:32"]
[BlackClock "0:00:00"]

1. e4 c5 2. Nf3 d6 3. Nc3 Nf6 4. Bc4 Nc6 5. d4 cxd4 6. Nxd4 e6 7. Be3 Be7 8. O-O a6 9. Be2 Bd7 10. Nb3 b5 11. a3 O-O 12. f4 Rc8 13. Kh1 Na5 14. Nxa5 Qxa5 15. Bd3 Bc6 16. Qe1 Qc7 17. Qg3 Bb7 18. Rae1 Qd7 19. f5 e5 20. Bh6 Nh5 21. Qg4 Bf6 22. Qxh5 gxh6 23. Qxh6 Bg7 24. Qh4 f6 25. Re3 Rf7 26. Rh3 h6 27. Be2 Kf8 28. Bh5 Re7 29. Qg4 a5 30. Rd3 Rc4 31. Rfd1 Rd4 32. Rxd4 exd4 33. Rxd4 Re5 34. Qd1 d5 35. Ne2 Kg8 36. Nf4 Qe7 37. Ng6 Qd6 38. Nxe5 Qxe5 39. exd5 Bf8 40. d6 1-0

[Event "December 5 Late 2023"]
[Site "https://www.chess.com"]
[Date "2023.12.05"]
[Round "11"]
[White "Kopczynski, Michal"]
[Black "Alexandre, Anne Shopie Elizabeth"]
[Result "1-0"]
[Board "20"]
[TimeControl "180+1"]
[WhiteFideId "1124200"]
[BlackFideId "11902418"]
[WhiteElo "2577"]
[BlackElo "2868"]
[WhiteTeam "POL"]
[BlackTeam "HAI"]
[WhiteClock "0:00:40"]
[BlackClock "0:01:13"]

1. e4 e5 2. Nf3 Nc6 3. Bb5 a6 4. Ba4 Nf6 5. d3 b5 6. Bb3 Bc5 7. a4 Rb8 8. axb5 axb5 9. O-O d6 10. h3 h6 11. c3 O-O 12. d4 Bb6 13. Re1 Re8 14. Qd3 b4 15. d5 Na5 16. Ba4 Rf8 17. cxb4 Nb7 18. Nc3 Qe7 19. Be3 Nd8 20. Ne2 Bxe3 21. Qxe3 Rxb4 22. Ng3 Rxb2 23. Nh4 Nxd5 24. Nhf5 Bxf5 25. Nxf5 Qf6 26. Qc1 Rb7 27. Bc6 Nxc6 28. Qxc6 Rb2 29. Qxd5 h5 30. Ra2 Rfb8 31. Rxb2 Rxb2 32. Rf1 g6 33. Ne3 Kg7 34. Qc6 Qd8 35. Nd5 Rb8 36. Qxc7 1-0

[Event "December 5 Late 2023"]
[Site "https://www.chess.com"]
[Date "2023.12.05"]
[Round "11"]
[White "Henriquez Villagra, Cristobal"]
[Black "Garcia Ramos, Daniel"]
[Result "1-0"]
[Board "21"]
[TimeControl "180+1"]
[WhiteFideId "3409350"]
[BlackFideId "32010311"]
[WhiteElo "2982"]
[BlackElo "2604"]
[WhiteTeam "CHI"]
[BlackTeam "ESP"]
[WhiteClock "0:01:40"]
[BlackClock "0:00:00"]

1. g3 Nf6 2. b3 e6 3. Bb2 d5 4. Bg2 Be7 5. Nf3 O-O 6. O-O c5 7. e3 Nc6 8. Ne5 Qc7 9. f4 Rd8 10. d3 Bf8 11. Nd2 Nd7 12. Ng4 f5 13. Nf2 Nf6 14. Nf3 Bd6 15. c4 dxc4 16. bxc4 e5 17. Qb3 h6 18. Rad1 Be6 19. Qc3 exf4 20. gxf4 Bf8 21. Kh1 Rd7 22. Rg1 Re8 23. Bh3 Ng4 24. Qd2 Rde7 25. Nxg4 fxg4 26. Bxg4 Bxg4 27. Rxg4 Rxe3 28. Ne5 Nxe5 29. Bxe5 Qc6+ 30. Kg1 R8xe5 31. fxe5 Rxe5 32. Qg2 Qe6 33. Re4 Bd6 34. Rde1 Kh8 35. Rxe5 Bxe5 36. Kh1 Qf6 37. Qxb7 Qf2 38. Qa8+ Kh7 39. Qe4+ g6 40. Qxe5 Qf3+ 41. Kg1 Qg4+ 42. Qg3 1-0

[Event "December 5 Late 2023"]
[Site "https://www.chess.com"]
[Date "2023.12.05"]
[Round "11"]
[White "Galaktionov, Artem"]
[Black "Mendes Aaron Reeve"]
[Result "1-0"]
[Board "22"]
[TimeControl "180+1"]
[WhiteFideId "24175471"]
[BlackFideId "25954938"]
[WhiteElo "2835"]
[BlackElo "2657"]
[WhiteTeam "RUS"]
[BlackTeam "CAN"]
[WhiteClock "0:01:26"]
[BlackClock "0:00:42"]

1. d4 d5 2. Nf3 Nf6 3. c4 c6 4. Qb3 e6 5. Nc3 Nbd7 6. Bg5 Qa5 7. Bd2 Bb4 8. a3 Bxc3 9. Bxc3 Qb6 10. Qxb6 Nxb6 11. c5 Na4 12. Nd2 Nxc3 13. bxc3 b6 14. cxb6 axb6 15. e3 O-O 16. Bd3 Ba6 17. Ke2 Nd7 18. a4 Bxd3+ 19. Kxd3 Ra7 20. Ra2 Rfa8 21. Rha1 c5 22. c4 dxc4+ 23. Kxc4 cxd4 24. exd4 Ra5 25. Kb4 Nb8 26. Nb3 Nc6+ 27. Kc4 b5+ 28. Kc5 R5a6 29. Kxb5 Kf8 30. a5 Ke7 31. Ra4 Kd6 32. Nc5 R6a7 33. a6 Kd5 34. Kb6 Nxd4 35. Rd1 e5 36. Nb3 Re7 37. Nxd4 Rb8+ 38. Ka5 exd4 39. Rdxd4+ Ke6 40. Re4+ Kf6 41. Rxe7 Kxe7 42. a7 Ra8 43. Kb6 1-0

[Event "December 5 Late 2023"]
[Site "https://www.chess.com"]
[Date "2023.12.05"]
[Round "11"]
[White "Rustemov, Alexander"]
[Black "Bjelobrk, Igor"]
[Result "1-0"]
[Board "23"]
[TimeControl "180+1"]
[WhiteFideId "4119002"]
[BlackFideId "4300726"]
[WhiteElo "2830"]
[BlackElo "2592"]
[WhiteTeam "RUS"]
[BlackTeam "AUS"]
[WhiteClock "0:00:39"]
[BlackClock "0:00:10"]

1. d4 e6 2. c4 b6 3. e4 Bb7 4. Bd3 Bb4+ 5. Bd2 Bxd2+ 6. Nxd2 d6 7. Ne2 Ne7 8. O-O O-O 9. f4 Nd7 10. Ng3 e5 11. fxe5 dxe5 12. d5 a5 13. b3 Nc5 14. Bc2 Bc8 15. a3 f6 16. b4 Nb7 17. Qf3 Qd6 18. Qc3 Ng6 19. Ba4 Bd7 20. Bxd7 Qxd7 21. Ne2 axb4 22. axb4 c5 23. h3 Nd6 24. bxc5 bxc5 25. Qe3 Qc7 26. Kh2 Rfb8 27. Rfb1 Nf8 28. Nc3 Rxa1 29. Rxa1 Nd7 30. Ra6 Rb6 31. Ra8+ Rb8 32. Ra6 Rb6 33. Nb5 Nxb5 34. cxb5 Rxb5 35. Qa3 h6 36. Nc4 Kh7 37. Rc6 Qb8 38. Qf3 Nf8 39. Qf5+ Kg8 40. Rc8 Qa7 41. Qe6+ Qf7 42. Qxf7+ Kxf7 43. Nd6+ 1-0

[Event "December 5 Late 2023"]
[Site "https://www.chess.com"]
[Date "2023.12.05"]
[Round "11"]
[White "DCacheiro"]
[Black "Brodsky, David"]
[Result "0-1"]
[Board "24"]
[TimeControl "180+1"]
[BlackFideId "2073250"]
[WhiteElo "2552"]
[BlackElo "2788"]
[BlackTeam "USA"]
[WhiteClock "0:00:00"]
[BlackClock "0:00:06"]

1. e4 e5 2. Nf3 Nc6 3. Bb5 a6 4. Ba4 Nf6 5. O-O Bc5 6. c3 b5 7. Bb3 d6 8. a4 Ba7 9. d4 h6 10. Re1 Bg4 11. d5 Ne7 12. h3 Bd7 13. Be3 Bxe3 14. Rxe3 O-O 15. Nbd2 Ng6 16. c4 Qb8 17. cxb5 axb5 18. a5 c6 19. dxc6 Bxc6 20. Ba2 Qb7 21. b4 Rfd8 22. Qe1 d5 23. exd5 Bxd5 24. Nxe5 Nf4 25. Rg3 Bxa2 26. Rxa2 Qd5 27. Rc2 Rac8 28. Rxc8 Rxc8 29. Qe3 N4h5 30. Rf3 Re8 31. Rf5 g6 32. Rxf6 Nxf6 33. Nd7 Qxd7 34. Qc3 Ne4 35. Nxe4 Rxe4 36. a6 Rc4 37. Qe3 Rc8 38. Qb6 Ra8 39. g3 Qa7 40. Qxb5 Qxa6 41. Qc5 Rc8 42. Qd4 Qb5 43. Qf4 h5 44. Qh4 Rc4 45. Qd8+ Kg7 46. Qd2 Qxb4 47. Qe3 Qc3 48. Qb6 Qc1+ 49. Kg2 Qc2 50. Qd6 Qe4+ 51. Kh2 Rc1 0-1

[Event "December 5 Late 2023"]
[Site "https://www.chess.com"]
[Date "2023.12.05"]
[Round "11"]
[White "Pesotskiy, Mikhail"]
[Black "Krzyzanowski, Marcin"]
[Result "0-1"]
[Board "25"]
[TimeControl "180+1"]
[WhiteFideId "34164453"]
[BlackFideId "1132199"]
[WhiteElo "2550"]
[BlackElo "2731"]
[WhiteTeam "RUS"]
[BlackTeam "POL"]
[WhiteClock "0:00:00"]
[BlackClock "0:00:11"]

1. d4 Nf6 2. c4 d6 3. Nc3 e5 4. d5 a5 5. e4 Na6 6. Bd3 Nc5 7. Bc2 Be7 8. f3 Nh5 9. Nge2 Bg5 10. O-O Bxc1 11. Qxc1 O-O 12. b3 Bd7 13. a3 Qf6 14. b4 Na6 15. Rb1 Nf4 16. Nxf4 exf4 17. Ne2 axb4 18. axb4 g5 19. g3 fxg3 20. Nxg3 Kh8 21. f4 Qd4+ 22. Kg2 gxf4 23. Rxf4 f6 24. Rh4 Rf7 25. Qh6 Qc3 26. Rc1 Nxb4 27. Bd1 Ra2+ 28. Kf1 Qb2 29. Be2 Nd3 30. Rd1 Ne5 31. Qf4 Ng6 32. Qh6 Nxh4 33. Qxh4 f5 34. Qd8+ Kg7 35. exf5 Bxf5 36. Nh5+ Kh6 37. Qh4 Qxe2+ 0-1

[Event "December 5 Late 2023"]
[Site "https://www.chess.com"]
[Date "2023.12.05"]
[Round "11"]
[White "Tari, Aryan"]
[Black "Khruschiov, Alexey"]
[Result "1-0"]
[Board "26"]
[TimeControl "180+1"]
[WhiteFideId "1510045"]
[BlackFideId "13900544"]
[WhiteElo "2982"]
[BlackElo "2702"]
[WhiteTeam "NOR"]
[BlackTeam "MDA"]
[WhiteClock "0:00:24"]
[BlackClock "0:00:04"]

1. e4 g6 2. h4 h6 3. d4 Bg7 4. Nc3 c6 5. h5 g5 6. f4 gxf4 7. Bxf4 Qb6 8. Qg4 Bxd4 9. O-O-O Nf6 10. Qg3 Bxg1 11. Rxg1 Qxg1 12. Be3 Nxh5 13. Qh3 Qxe3+ 14. Qxe3 d6 15. e5 d5 16. Be2 Ng7 17. g4 Nd7 18. Rh1 Nf8 19. Rxh6 Rg8 20. Na4 e6 21. Qa3 Nd7 22. Rh7 b5 23. Nc5 Nf8 24. Rh1 a5 25. Qe3 Ng6 26. a4 b4 27. b3 Kf8 28. Bd3 Ne7 29. Rh7 Ke8 30. Qh6 Kf8 31. Qf6 Ra7 32. g5 Rc7 33. g6 Nxg6 34. Bxg6 Re7 35. Bd3 Ne8 36. Qh6+ Ng7 37. Kd2 Re8 38. c3 bxc3+ 39. Kxc3 Re7 40. Kb2 Ra7 41. Qf6 Re7 42. b4 axb4 43. a5 Ne8 44. Qh6+ Ng7 45. a6 Ra7 46. Kb3 Bxa6 47. Bxa6 Rxa6 48. Nxa6 c5 49. Nxc5 1-0

[Event "December 5 Late 2023"]
[Site "https://www.chess.com"]
[Date "2023.12.05"]
[Round "11"]
[White "Bardyk, Artem"]
[Black "Keleberda, Tymur"]
[Result "1/2-1/2"]
[Board "27"]
[TimeControl "180+1"]
[WhiteFideId "34349979"]
[BlackFideId "14174294"]
[WhiteElo "2840"]
[BlackElo "2531"]
[WhiteTeam "RUS"]
[BlackTeam "CAN"]
[WhiteClock "0:00:24"]
[BlackClock "0:00:06"]

1. e4 c5 2. c3 d5 3. exd5 Qxd5 4. d4 Nc6 5. Nf3 cxd4 6. cxd4 e5 7. Nc3 Bb4 8. Bd2 Bxc3 9. Bxc3 e4 10. Ne5 Nxe5 11. dxe5 Ne7 12. Qa4+ Bd7 13. Qb4 a5 14. Qa3 Qe6 15. Rd1 O-O 16. Qd6 Qxd6 17. Rxd6 Be6 18. Bb5 Bxa2 19. O-O Be6 20. Rfd1 h6 21. h3 Rfc8 22. Bd7 Bxd7 23. Rxd7 Ng6 24. e6 Rf8 25. Rxb7 Nf4 26. exf7+ Rxf7 27. Rxf7 Kxf7 28. Rd7+ Ke6 29. Rxg7 Ne2+ 30. Kf1 Nxc3 31. bxc3 a4 32. Rb7 a3 33. Rb1 a2 34. Ra1 Kd5 35. Ke2 Kc4 36. Ke3 Kxc3 37. Kxe4 Kb2 38. Rxa2+ Kxa2 39. f4 Kb3 40. g4 Kc4 41. g5 hxg5 42. fxg5 Rh8 43. g6 Rxh3 44. Kf5 Rf3+ 45. Ke6 Re3+ 46. Kf7 Rf3+ 47. Kg8 Kd5 48. g7 Ke6 49. Kh7 Rh3+ 50. Kg8 Rg3 51. Kf8 Rf3+ 52. Ke8 Rg3 53. Kf8 Rf3+ 54. Ke8 Rg3 55. Kf8 1/2-1/2

[Event "December 5 Late 2023"]
[Site "https://www.chess.com"]
[Date "2023.12.05"]
[Round "11"]
[White "Janaszak, Dawid"]
[Black "Shuvalova, Polina"]
[Result "0-1"]
[Board "28"]
[TimeControl "180+1"]
[WhiteFideId "1119206"]
[BlackFideId "24171760"]
[WhiteElo "2617"]
[BlackElo "2821"]
[WhiteTeam "POL"]
[BlackTeam "RUS"]
[WhiteClock "0:00:00"]
[BlackClock "0:00:22"]

1. e4 c6 2. d4 d5 3. exd5 cxd5 4. Bd3 Nc6 5. c3 Nf6 6. Bf4 Bg4 7. Qb3 Qd7 8. Nd2 e6 9. Ngf3 Bd6 10. Bxd6 Qxd6 11. O-O O-O 12. Rae1 Bxf3 13. Nxf3 Rfb8 14. Ne5 b5 15. a3 a5 16. f4 b4 17. axb4 axb4 18. Qc2 bxc3 19. bxc3 Rc8 20. Qe2 Ne7 21. Rc1 Rc7 22. Rc2 Rac8 23. Rfc1 g6 24. Qf3 Kg7 25. g4 Qb6 26. Kg2 Qb3 27. Ba6 Ra8 28. Be2 Ra2 29. Bd1 Rxc3 30. Qf2 Rcxc2 31. Rxc2 Rxc2 32. Bxc2 Qc3 33. f5 exf5 34. gxf5 Nc6 35. fxg6 hxg6 36. Nxc6 Qxc6 37. Bd3 Qc3 38. Qe3 Qb2+ 39. Kg3 Qb8+ 40. Qe5 Qb3 41. Qe3 Ne4+ 42. Kf3 f5 43. h4 Qd1+ 44. Be2 Qh1+ 45. Kf4 Qh2+ 0-1

[Event "December 5 Late 2023"]
[Site "https://www.chess.com"]
[Date "2023.12.05"]
[Round "11"]
[White "Adewumi, Tanitoluwa"]
[Black "Mendez Fortes, Eduardo Jesus"]
[Result "0-1"]
[Board "29"]
[TimeControl "180+1"]
[WhiteFideId "30966396"]
[BlackFideId "3502376"]
[WhiteElo "2732"]
[BlackElo "2592"]
[WhiteTeam "USA"]
[BlackTeam "CUB"]
[WhiteClock "0:00:02"]
[BlackClock "0:01:01"]

1. e4 e5 2. Nf3 Nc6 3. Bc4 Nf6 4. d3 Bc5 5. O-O d6 6. Re1 O-O 7. c3 Bb6 8. h3 Ne7 9. Nbd2 Ng6 10. Nf1 Nh5 11. Be3 Nhf4 12. Kh2 c6 13. Ng3 d5 14. exd5 cxd5 15. Bb3 Qf6 16. Qd2 h6 17. Rad1 Be6 18. Bxb6 axb6 19. Qe3 Rfe8 20. Ne2 e4 21. dxe4 dxe4 22. Nxf4 Nxf4 23. Qxe4 Bxb3 24. Qxe8+ Rxe8 25. Rxe8+ Kh7 26. axb3 Qg6 27. Nh4 Qf6 28. g3 Ne6 29. Kg2 Qe5 30. Nf3 Nf4+ 31. gxf4 Qxe8 32. Rd6 Qe4 33. Rxb6 g5 34. fxg5 hxg5 35. Rb4 Qc6 36. Rc4 Qg6 37. Rc7 g4 38. Rxf7+ Kg8 39. Ne5 Qe4+ 40. Nf3 Kxf7 41. hxg4 0-1

[Event "December 5 Late 2023"]
[Site "https://www.chess.com"]
[Date "2023.12.05"]
[Round "11"]
[White "Panesar Vedant"]
[Black "Prithu Gupta"]
[Result "1-0"]
[Board "30"]
[TimeControl "180+1"]
[WhiteFideId "35033018"]
[BlackFideId "46618546"]
[WhiteElo "2707"]
[BlackElo "2566"]
[WhiteTeam "IND"]
[BlackTeam "IND"]
[WhiteClock "0:00:18"]
[BlackClock "0:00:00"]

1. e4 e5 2. Nf3 Nc6 3. Bc4 Nf6 4. d3 Bc5 5. c3 O-O 6. O-O d6 7. h3 a5 8. Re1 h6 9. Nbd2 Be6 10. Bb5 Ne7 11. Nf1 Ng6 12. Ng3 c6 13. Ba4 b5 14. Bc2 b4 15. d4 Bb6 16. Be3 Qc7 17. Qd2 Kh7 18. Nf5 Ng8 19. g4 bxc3 20. bxc3 exd4 21. cxd4 d5 22. e5 c5 23. h4 cxd4 24. Bxd4 Bxd4 25. N3xd4 Kh8 26. f4 Rac8 27. h5 N6e7 28. Nd6 Qc3 29. Qxc3 Rxc3 30. f5 Bd7 31. Kf2 Nc6 32. N6b5 Nxd4 33. Nxd4 Ne7 34. Rad1 Nc6 35. Bb3 Nb4 36. Re3 Rxe3 37. Kxe3 a4 38. Bc2 Rc8 39. Bb1 Rc3+ 40. Ke2 Kg8 41. e6 fxe6 42. fxe6 Be8 43. Bg6 Kf8 44. Rf1+ Ke7 45. Nf5+ Kd8 46. Nxg7 Bb5+ 47. Kd2 1-0

[Event "December 5 Late 2023"]
[Site "https://www.chess.com"]
[Date "2023.12.05"]
[Round "11"]
[White "Kashefi, Amir Hosein"]
[Black "Hambleton, Aman"]
[Result "0-1"]
[Board "31"]
[TimeControl "180+1"]
[WhiteFideId "12557935"]
[BlackFideId "2606577"]
[WhiteElo "2563"]
[BlackElo "2704"]
[WhiteTeam "IRI"]
[BlackTeam "CAN"]
[WhiteClock "0:00:00"]
[BlackClock "0:00:03"]

1. d4 e5 2. dxe5 Nc6 3. Nf3 Qe7 4. Nc3 Nxe5 5. Nxe5 Qxe5 6. e4 Bb4 7. Bd3 d6 8. Kf1 Bxc3 9. bxc3 Nf6 10. Be3 O-O 11. Bd4 Qf4 12. g3 Bh3+ 13. Kg1 Qg5 14. Rb1 b6 15. Qf3 Ng4 16. Bf1 Bxf1 17. Rxf1 c5 18. h3 Ne5 19. Bxe5 Qxe5 20. Rd1 Rae8 21. Kg2 Qxe4 22. Rxd6 Qxc2 23. a3 Qb3 24. Rd7 Qxa3 25. Rhd1 g6 26. R1d6 Qa2 27. h4 h5 28. Rd5 Re6 29. Rb7 Kg7 30. Rdd7 Rf6 31. Qe3 Qe6 32. Qxe6 Rxe6 33. Rxa7 Rf6 34. Rab7 Re8 35. Rd3 Re4 36. Rb8 Re2 37. Rf3 Rxf3 38. Kxf3 Re6 39. c4 Kf6 40. Kf4 Rd6 41. Ke3 Ke5 42. Re8+ Kf5 43. Rb8 Kg4 44. Ke2 Re6+ 45. Kf1 Kf3 46. Rd8 Ke4 47. Ke2 Kf5+ 48. Kf3 Ke5 49. Rd5+ Kf6 50. Rd7 Rc6 51. Ke4 Ke6 52. Rb7 Rd6 53. Ke3 f6 54. f3 Kf5 55. Kf2 Rd2+ 56. Ke3 Rb2 0-1

[Event "December 5 Late 2023"]
[Site "https://www.chess.com"]
[Date "2023.12.05"]
[Round "11"]
[White "Rosen, Eric"]
[Black "Cervantes Landeiro, Thalia"]
[Result "1/2-1/2"]
[Board "32"]
[TimeControl "180+1"]
[WhiteFideId "2032562"]
[BlackFideId "3520498"]
[WhiteElo "2688"]
[BlackElo "2550"]
[WhiteTeam "USA"]
[BlackTeam "USA"]
[WhiteClock "0:00:06"]
[BlackClock "0:00:09"]

1. e4 c5 2. Nc3 d6 3. f4 Nc6 4. Nf3 g6 5. Bc4 Bg7 6. O-O e6 7. d4 cxd4 8. Nb5 Nge7 9. Bb3 O-O 10. Nbxd4 Na5 11. Ba4 Bd7 12. c3 a6 13. Bc2 Qc7 14. Kh1 b5 15. Bd3 Nc4 16. Qe2 Rac8 17. Nc2 Rfe8 18. Ne3 f5 19. Nxc4 bxc4 20. Bc2 fxe4 21. Qxe4 d5 22. Qe2 Nc6 23. Be3 e5 24. fxe5 Nxe5 25. Nxe5 Qxe5 26. Rae1 Bh6 27. Qf2 Rf8 28. Bd4 Rxf2 29. Bxf2 Qd6 30. Bg3 Qc6 31. Be5 Re8 32. Re2 Bg7 33. Rfe1 Bxe5 34. Rxe5 Rxe5 35. Rxe5 Qf6 36. Re1 Qf2 37. Rc1 Qd2 38. Rg1 Qxc2 39. h4 Qxb2 40. h5 Qxa2 41. hxg6 hxg6 42. g4 Qc2 43. g5 Qxc3 44. Rg3 Qe1+ 45. Kg2 Qxg3+ 46. Kh1 a5 1/2-1/2

[Event "December 5 Late 2023"]
[Site "https://www.chess.com"]
[Date "2023.12.05"]
[Round "11"]
[White "Apoorv Kamble"]
[Black "Sanchez Alvares, Kelvin Antonio"]
[Result "1-0"]
[Board "33"]
[TimeControl "180+1"]
[WhiteFideId "25683012"]
[BlackFideId "3906680"]
[WhiteElo "2674"]
[BlackElo "2540"]
[WhiteTeam "IND"]
[BlackTeam "VEN"]
[WhiteClock "0:01:48"]
[BlackClock "0:00:00"]

1. e4 e5 2. Nf3 Nc6 3. Bc4 Bc5 4. c3 Nf6 5. d3 d6 6. Nbd2 a5 7. Bb3 h6 8. h3 Be6 9. Nf1 d5 10. Qe2 dxe4 11. dxe4 a4 12. Bxe6 fxe6 13. Ng3 O-O 14. Qc4 Qe7 15. Nf5 Qf7 16. Nxh6+ gxh6 17. Qxc5 Nxe4 18. Qe3 Nd6 19. Qxh6 e4 20. Qg5+ Kh8 21. Qh4+ Kg8 22. Ng5 Qg6 23. O-O Ne5 24. Qg3 Nd3 25. Nxe6 Qxg3 26. fxg3 Rxf1+ 27. Kxf1 c6 28. Nf4 Nc4 29. Ke2 Rd8 30. b3 Nce5 31. Be3 Nxf4+ 32. Bxf4 Nd3 33. Ke3 axb3 34. axb3 Rd5 35. c4 Rd7 36. Ra8+ Kf7 37. Ra5 Ne1 38. Kxe4 Nxg2 39. h4 b6 40. Ra6 Re7+ 41. Kf5 Rb7 42. h5 Ne1 43. h6 Nd3 44. Ra8 1-0